 Dungeon Crawl Stone Soup version 0.28.0-53-g5a82cb258f (webtiles) character file.

Game seed: 13233655946717298610

74 Zeld the Changer (level 4, -1/33 HPs)
             Began as a Merfolk Transmuter on June 12, 2022.
             Slain by a quokka (2 damage)
             ... on level 3 of the Dungeon.
             The game lasted 00:01:37 (2556 turns).

Zeld the Changer (Merfolk Transmuter)               Turns: 2556, Time: 00:01:38

Health: -1/33      AC:  2    Str:  9 (12) XL:     4   Next: 28%
Magic:  8/8        EV: 12    Int: 11 (12) God:
Gold:   44         SH:  0    Dex: 12 (14) Spells: 2/8 levels left

rFire   . . .      SeeInvis .     - Unarmed
rCold   . . .      Faith    .   (no shield)
rNeg    . . .      Spirit   .   a - +0 robe
rPois   .          Reflect  .   (helmet currently unavailable)
rElec   .          Harm     .   (no cloak)
rCorr   .          Rampage  .   (no gloves)
Will    .....                   (boots currently unavailable)
Stlth   +.........              (no amulet)
HPRegen 0.11/turn               (no ring)
MPRegen 0.11/turn               (no ring)

@: appendages (expiring), hasted, very quick
A: horns 2, (nimble swimmer 2), mertail
a: End Transformation


You were on level 3 of the Dungeon.
You had temporarily grown beastly horns.
You visited 1 branch of the dungeon, and saw 3 of its levels.

You collected 44 gold pieces.

Inventory:

Armour
 a - a +0 robe (worn)
Scrolls
 b - 2 scrolls of identify {unknown}
 c - a scroll of teleportation {unknown}
 d - a scroll of enchant weapon {unknown}


   Skills:
 + Level 2.0 Fighting
 - Level 2.6 Dodging
 + Level 3.6 Unarmed Combat
 * Level 2.8 Spellcasting
 * Level 4.1 Transmutations


You had 2 spell levels left.
You knew the following spells:

 Your Spells              Type           Power      Damage    Failure   Level
a - Beastly Appendage     Tmut           20%        N/A       4%          1
b - Wereblood             Tmut           10%        N/A       8%          2
c - Spider Form           Tmut/Pois      6%         N/A       34%         3

Your spell library contained the following spells:

 Spells                   Type           Power      Damage    Failure   Level
 Apportation              Tloc           2%         N/A       26%         1
 Ice Form                 Ice/Tmut       6%         N/A       75%         4
 Alistair's Intoxication  Tmut/Pois      4%         N/A       97%         5


Dungeon Overview and Level Annotations

Branches:
Dungeon (3/15)

Altars:


Innate Abilities, Weirdness & Mutations

You have temporarily grown beastly horns.
((You are very nimble when in or above water. (Stealth+, EV+, Speed+++)))
Your lower body shifts to a powerful aquatic tail in water.


Message History

The quokka bites you but does no damage.
The bat barely misses you. The quokka bites you.
The orc priest calls down the wrath of Beogh upon you.
Beogh smites you!
* * * LOW HITPOINT WARNING * * *
Your horns disappear.
The quokka bites you.
* * * LOW HITPOINT WARNING * * *
A hobgoblin comes into view.
The quokka twitches its whiskers.
The hobgoblin shouts!
You hear a shout!
The hobgoblin hits you but does no damage.
You punch the hobgoblin!
You kill the hobgoblin!
The quokka barely misses you.
Casting: Beastly Appendage (safe; 4% risk of failure)
Confirm with . or Enter, or press ? or * to list all spells.
You grow a pair of large bovine horns.
The quokka barely misses you.
The quokka bites you but does no damage.
A goblin comes into view. It is wielding a +0 dagger.
The goblin closely misses you.
You miss the quokka. The quokka completely misses you.
You closely miss the goblin. The quokka barely misses you.
The goblin barely misses you. The quokka bites you.
* * * LOW HITPOINT WARNING * * *
Unknown command.
You hit the goblin.
You kill the goblin!
The quokka misses you.
Your Fighting skill increases to level 2!
Unknown command.
You see here a +0 dagger.
Your transformation is almost over.
It was a potion of haste.
You feel yourself speed up. The quokka bites you.
* * * LOW HITPOINT WARNING * * *
It was a potion of degeneration.
There was something very wrong with that liquid.
You feel weakened.
You feel dopey.
You feel clumsy. The quokka bites you.
You die...

## ... ....
.....
......#####
.......@rB#
......###)#
#+### #.# ..#
#.# ...# #r#
#..# #.#
####..###
#o######........
#bK.B.bo........
########K.......


You could see a quokka and a giant cockroach.

Vanquished Creatures
  An adder (D:2)
  2 dart slugs (D:1)
  6 endoplasms
  3 giant cockroaches
  5 goblins
  6 hobgoblins
  4 jackals (D:1)
  5 kobolds
  4 quokkas (D:1)
  5 ball pythons
  5 bats
  5 frilled lizards (D:1)
51 creatures vanquished.

Vanquished Creatures (others)
  14 plants (D:1)
14 creatures vanquished.

Grand Total: 65 creatures vanquished

Notes
Turn   | Place    | Note
-------+----------+-------------------------------------------
     0 | D:1      | Zeld the Merfolk Transmuter began the quest for the Orb.
     0 | D:1      | Reached XP level 1. HP: 15/15 MP: 3/3
    93 | D:1      | Reached skill level 3 in Transmutations
   102 | D:1      | Reached XP level 2. HP: 11/21 MP: 5/5
   110 | D:1      | Learned a level 2 spell: Wereblood
   499 | D:1      | Found a faded altar of an unknown god.
   695 | D:1      | Reached XP level 3. HP: 24/26 MP: 4/6
   719 | D:1      | Learned a level 3 spell: Spider Form
  1868 | D:2      | Reached XP level 4. HP: 24/33 MP: 8/8
  2119 | D:2      | Reached skill level 4 in Transmutations
  2539 | D:3      | HP: 1/33 [quokka (5)]
  2555 | D:3      | HP: 1/33 [quokka (1)]
  2556 | D:3      | Slain by a quokka

Illustrated notes

Levels and vault maps discovered:
D:1:      minmay_arrival_plants_in_alcoves, layout_rooms,
          hellmonk_ecumenical_altar_blasted, serial_bayou, serial_bayou_ford_a,
          serial_bayou_lake_a, serial_bayou_pond_a, serial_bayou_pond_e,
          minmay_pentomino_u2
D:2:      layout_loops_corners
D:3:      layout_basic, mainiacjoe_overflow_surrounded_room,
          portal_sewer_entry_f, chequers_serial_rivers_micro_a,
          minmay_misc_feat_enclosed, minivault_24

Skill      XL: |  1  2  3  4 |
---------------+-------------+-----
Transmutations | 3 4 |  4.1
Fighting       | 2 |  2.0
Dodging        | |  2.6
Unarmed Combat | |  3.6
Spellcasting   | |  2.8

Action                   |  1- 3 |  4- 6 || total
-------------------------+-------+-------++-------
Melee: Unarmed           |   109 |    24 ||   133
       Headbutt          |    16 |     3 ||    19
       Punch             |     5 |       ||     5
       Tailslap          |     3 |       ||     3
 Cast: Beastly Appendage |    27 |    10 ||    37
  Use: Potion            |       |     2 ||     2
Armor: Robe              |    12 |     5 ||    17
Dodge: Dodged            |    83 |    17 ||   100
